Login

Tampa Bay Lightning vs Pittsburgh Penguins

Created - 23 April 2024 at 23:04

Goals
1 2 3 OT1 SO T
Tampa Bay Lightning 0 1 1 0 1 2
Pittsburgh Penguins 1 1 0 0 2 3
Shots
1 2 3 OT1 SO T
Tampa Bay Lightning 10 9 3 3 3 25
Pittsburgh Penguins 13 11 4 3 2 31

GoalsPenalties
1st period
1. Pittsburgh Penguins , Tyler Toffoli 3 (Noel Acciari 1) at 8:32
Philippe Myers (TBL) for High sticking (Minor) at 6:16
2nd period
2. Tampa Bay Lightning , Steven Stamkos 4 (Nikita Kucherov 7) at 4:18
3. Pittsburgh Penguins , Sidney Crosby 8 (Timo Meier 4, Erik Karlsson 17) at 4:58
Tanner Jeannot (TBL) for Tripping (Minor) at 0:34
Philippe Myers (TBL) for Boarding (Minor) at 19:48
3rd period
4. Tampa Bay Lightning , Brandon Hagel 4 (Steven Stamkos 16, Nikita Kucherov 8) at 19:15
Erik Cernak (TBL) for Holding (Minor) at 3:32
Philippe Myers (TBL) for Holding (Minor) at 6:48
Overtime #1
No Goal
Shootout
Tampa Bay Lightning, Steven Stamkos - Goal!
Pittsburgh Penguins, Sidney Crosby - Goal!
Tampa Bay Lightning, Nikita Kucherov - Shot Misses the Net
Pittsburgh Penguins, Evgeni Malkin - Goal!
Tampa Bay Lightning, Brayden Point - Shot Misses the Net
Goalie Stats
Jonas Johansson (TBL), 29 saves from 31 shots - (0.935), OTL, 0-1-1, 64:45 minutes
Tristan Jarry (PIT), 23 saves from 25 shots - (0.920), W, 9-6-0, 65:00 minutes
3 StarsOfficial
1 - Steven Stamkos (TBL)
2 - Tyler Toffoli (PIT)
3 - Nikita Kucherov (TBL)
Referees : Michael Markovic and Mike Sheehan
Linesman : Kyle Allen and Mark Shewchyk
Game Note
No Game Note
Finance
Level 1 -- Attendance: 5585 (93.08%) -- Ticket Income $558,500
Level 2 -- Attendance: 5000 (100.00%) -- Ticket Income $300,000
Level 3 -- Attendance: 1693 (84.65%) -- Ticket Income $59,255
Level 4 -- Attendance: 3317 (82.93%) -- Ticket Income $82,925
Luxury Box -- Attendance: 1000 (100.00%) -- Ticket Income $200,000
Game was played at the PPG Paints Arena.
Total Attendance: 16595 (92.19%)
Total Ticket Income: $1,200,680
Other Income: $588,333
Total Income: $1,789,013



Team Name Goals Shots Shots Attemp Shots Blocked PIM HIT PP PK FO%
Tampa Bay Lightning 225421510170 / 0 (0.00%049%
Pittsburgh Penguins 3316050200 / 5 (0%)051%

Tampa Bay Lightning
Player Name POS G A P +/- PIM HIT SHT SB MP PP MP PP SHT PK MP PK SHT FO% FOT GA TA
Anthony CirelliC0000011114:220:0000:080100% 100
Austin WatsonLW000000001:520:0000:0000% 000
Brandon HagelLW1011014022:460:0003:3200% 200
Brayden PointC000-1001019:570:0002:50067% 1210
Calvin De-HaanD000-1000113:400:0000:4600% 000
Conor ShearyLW0000032014:380:0000:0000% 010
Erik CernakD0000240119:330:0003:2700% 000
Luke GlendeningC000000001:280:0000:0000% 000
Michael EyssimontC000000002:460:0001:4700% 100
Mikhail SergachevD0001001530:390:0005:4200% 021
Nicholas PaulLW000-1002015:480:0000:0000% 000
Nick PerbixD0000000020:080:0004:1300% 001
Nikita KucherovRW0221016127:040:0005:5700% 201
Philippe MyersD000-1620013:030:0000:0000% 000
Steven StamkosC1121025227:370:0005:36155% 3310
Tanner JeannotLW000-1210116:150:0000:0000% 300
Tyler MotteC0000002015:070:0000:0000% 100
Victor HedmanD0001021328:170:0005:4200% 000
Pittsburgh Penguins
Player Name POS G A P +/- PIM HIT SHT SB MP PP MP PP SHT PK MP PK SHT FO% FOT GA TA
Chad RuhwedelD0000010014:430:0000:0000% 000
Chris TierneyC000100106:290:0000:0000% 001
Colin WhiteC000000000:000:0000:0000% 000
Erik KarlssonD0111004230:086:1510:0000% 001
Evgeni MalkinC000-1021021:334:1900:00050% 800
Jeff CarterC0000000014:570:0000:00075% 411
Joona KoppanenLW000-1031018:274:1910:000100% 100
Kris LetangD0001020127:306:1500:0000% 001
Marcus PetterssonD000-1001018:393:4000:0000% 000
Matt NietoLW0000011021:135:3610:00067% 300
Noel AcciariC011101107:570:0000:000100% 300
Pierre-Olivier JosephD0000010014:530:0000:0000% 000
Rem PitlickC0000021012:330:0000:0000% 001
Rickard RakellRW0000013019:374:1900:0000% 300
Ryan GravesD000-1000019:173:4000:0000% 000
Sidney CrosbyC1010018024:115:3620:00047% 3200
Timo MeierRW0110024126:145:3600:0000% 110
Tyler ToffoliRW1010035116:390:0000:0000% 010

Tampa Bay Lightning

5 vs 5 Forward
Line #Left WingCenterRight WingPHYDFOFWanted %Time %Time Play
1Brandon HagelSteven StamkosNikita Kucherov1224036%17:46
2Nicholas PaulBrayden PointTanner Jeannot1223034%16:39
3Conor ShearyAnthony CirelliTyler Motte1222029%14:09
4Tanner JeannotTyler MotteSteven Stamkos122102%1:01
5 vs 5 Defense
Line #DefenseDefensePHYDFOFWanted %Time %Time Play
1Mikhail SergachevVictor Hedman1224038%18:51
2Erik CernakNick Perbix1223032%15:55
3Philippe MyersCalvin De-Haan1222026%12:54
4Mikhail SergachevVictor Hedman122104%1:55
Power Play Forward
Line #Left WingCenterRight WingPHYDFOFWanted %Time %Time Play
1Brandon HagelSteven StamkosNikita Kucherov122600%0:00
2Nicholas PaulBrayden PointTanner Jeannot122400%0:00
Power Play Defense
Line #DefenseDefensePHYDFOFWanted %Time %Time Play
1Mikhail SergachevVictor Hedman122600%0:00
2Erik CernakNick Perbix122400%0:00
Penalty Kill 4 Players Forward
Line #CenterWingPHYDFOFWanted %Time %Time Play
1Steven StamkosNikita Kucherov1226071%7:05
2Brayden PointBrandon Hagel1224029%2:50
Penalty Kill 4 Players Defense
Line #DefenseDefensePHYDFOFWanted %Time %Time Play
1Mikhail SergachevVictor Hedman1226057%5:42
2Erik CernakNick Perbix1224043%4:13
Penalty Kill 3 Players
Line #WingPHYDFOFWanted %Time %Time PlayDefenseDefensePHYDFOFWanted %Time %Time Play
1Steven Stamkos122600%0:00 Mikhail SergachevVictor Hedman122600%0:00
2Nikita Kucherov122400%0:00 Erik CernakNick Perbix122400%0:00
4 vs 4 Forward
Line #CenterWingPHYDFOFWanted %Time %Time Play
1Steven StamkosNikita Kucherov122600%0:00
2Brayden PointBrandon Hagel122400%0:00
4 vs 4 Defense
Line #DefensePHYDFOFWanted %Time %Time Play
1Mikhail SergachevVictor Hedman122600%0:00
2Erik CernakNick Perbix122400%0:00
Last Minutes Offensive
Left WingCenterRight WingDefenseDefense
Brandon HagelSteven StamkosNikita KucherovMikhail SergachevVictor Hedman
Last Minutes Defensive
Left WingCenterRight WingDefenseDefense
Brandon HagelSteven StamkosNikita KucherovMikhail SergachevVictor Hedman
Time
Total ForwardTotal DefenseLast Minutes OffensiveLast Minutes Defensive
60:00 60:00 0:300:00
Extra Forwards
Normal PowerPlayPenalty Kill
Austin Watson, Luke Glendening, Michael EyssimontAustin Watson, Luke GlendeningMichael Eyssimont
Extra Defensemen
Normal PowerPlayPenalty Kill
Philippe Myers, Calvin De-Haan, Erik CernakPhilippe Myers, Calvin De-HaanErik Cernak
Penalty Shots
Steven Stamkos, Nikita Kucherov, Brayden Point, Brandon Hagel, Nicholas Paul
Goalie
Jonas Johansson, Andrei Vasilevskiy
Custom OT Lines Forwards
Steven Stamkos, Nikita Kucherov, Brayden Point, Brandon Hagel, Nicholas Paul, Conor Sheary, Anthony Cirelli, Tanner Jeannot, Tyler Motte, Austin Watson
Custom OT Lines Defensemen
Mikhail Sergachev, Victor Hedman, Erik Cernak, Nick Perbix, Philippe Myers
Scratches
Haydn Fleury (Healthy), Darren Raddysh (Healthy)

Pittsburgh Penguins

5 vs 5 Forward
Line #Left WingCenterRight WingPHYDFOFWanted %Time %Time Play
1Matt NietoSidney CrosbyTimo Meier1224030%15:06
2Joona KoppanenEvgeni MalkinTyler Toffoli1223031%15:28
3Rem PitlickJeff CarterRickard Rakell1222025%12:33
4Chris TierneyNoel AcciariTimo Meier1221013%6:29
5 vs 5 Defense
Line #DefenseDefensePHYDFOFWanted %Time %Time Play
1Erik KarlssonKris Letang1224037%18:29
2Ryan GravesMarcus Pettersson1223030%14:59
3Pierre-Olivier JosephChad Ruhwedel1222029%14:14
4Erik KarlssonKris Letang122104%1:54
Power Play Forward
Line #Left WingCenterRight WingPHYDFOFWanted %Time %Time Play
1Matt NietoSidney CrosbyTimo Meier1226056%5:36
2Joona KoppanenEvgeni MalkinRickard Rakell1224044%4:19
Power Play Defense
Line #DefenseDefensePHYDFOFWanted %Time %Time Play
1Erik KarlssonKris Letang1226063%6:15
2Ryan GravesMarcus Pettersson1224037%3:40
Penalty Kill 4 Players Forward
Line #CenterWingPHYDFOFWanted %Time %Time Play
1Sidney CrosbyMatt Nieto122600%0:00
2Evgeni MalkinJoona Koppanen122400%0:00
Penalty Kill 4 Players Defense
Line #DefenseDefensePHYDFOFWanted %Time %Time Play
1Erik KarlssonKris Letang122600%0:00
2Ryan GravesMarcus Pettersson122400%0:00
Penalty Kill 3 Players
Line #WingPHYDFOFWanted %Time %Time PlayDefenseDefensePHYDFOFWanted %Time %Time Play
1Sidney Crosby122600%0:00 Erik KarlssonKris Letang122600%0:00
2Evgeni Malkin122400%0:00 Ryan GravesMarcus Pettersson122400%0:00
4 vs 4 Forward
Line #CenterWingPHYDFOFWanted %Time %Time Play
1Sidney CrosbyMatt Nieto122600%0:00
2Evgeni MalkinJoona Koppanen122400%0:00
4 vs 4 Defense
Line #DefensePHYDFOFWanted %Time %Time Play
1Erik KarlssonKris Letang122600%0:00
2Ryan GravesMarcus Pettersson122400%0:00
Last Minutes Offensive
Left WingCenterRight WingDefenseDefense
Matt NietoSidney CrosbyTimo MeierErik KarlssonKris Letang
Last Minutes Defensive
Left WingCenterRight WingDefenseDefense
Matt NietoSidney CrosbyTimo MeierErik KarlssonKris Letang
Time
Total ForwardTotal DefenseLast Minutes OffensiveLast Minutes Defensive
60:00 60:00 0:000:29
Extra Forwards
Normal PowerPlayPenalty Kill
Tyler Toffoli, Jeff Carter, Noel AcciariTyler Toffoli, Jeff CarterTyler Toffoli
Extra Defensemen
Normal PowerPlayPenalty Kill
Marcus Pettersson, Pierre-Olivier Joseph, Chad RuhwedelMarcus Pettersson, Marcus PetterssonPierre-Olivier Joseph
Penalty Shots
Sidney Crosby, Evgeni Malkin, Timo Meier, Rickard Rakell, Tyler Toffoli
Goalie
Tristan Jarry, Alex Nedeljkovic
Custom OT Lines Forwards
Sidney Crosby, Evgeni Malkin, Timo Meier, Rickard Rakell, Tyler Toffoli, Jeff Carter, Noel Acciari, Matt Nieto, Rem Pitlick, Chris Tierney
Custom OT Lines Defensemen
Erik Karlsson, Kris Letang, Ryan Graves, Marcus Pettersson, Pierre-Olivier Joseph
Scratches
Taylor Fedun (Healthy), Jake Guentzel (Healthy), Drew O'Connor (Healthy)


Play-by-Play

1st period


0:01 of 1st period - Sidney Crosby wins face-off versus Steven Stamkos in neutral zone.
0:12 of 1st period - Slapshot by Sidney Crosby.
0:12 of 1st period - Shot Blocked by Mikhail Sergachev.
0:14 of 1st period - Snap shot by Timo Meier.
0:14 of 1st period - Shot Blocked by Victor Hedman.
0:16 of 1st period - Slapshot by Kris Letang.
0:16 of 1st period - Deflect By Sidney Crosby.
0:16 of 1st period - Stopped by Jonas Johansson with a rebound.
0:26 of 1st period - Kris Letang is hit by Victor Hedman and loses puck.
0:57 of 1st period - Wrist shot by Mikhail Sergachev.
0:57 of 1st period - Stopped by Tristan Jarry without a rebound.
0:58 of 1st period - Noel Acciari wins face-off versus Tanner Jeannot in Pittsburgh Penguins zone.
0:58 of 1st period - Noel Acciari is hit by Erik Cernak.
1:48 of 1st period - Slapshot by Erik Karlsson.
1:48 of 1st period - Stopped by Jonas Johansson without a rebound.
1:49 of 1st period - Sidney Crosby wins face-off versus Tanner Jeannot in Tampa Bay Lightning zone.
3:54 of 1st period - Snap shot by Tyler Toffoli.
3:54 of 1st period - Stopped by Jonas Johansson with a rebound.
4:16 of 1st period - Snap shot by Anthony Cirelli.
4:16 of 1st period - Stopped by Tristan Jarry with a rebound.
4:18 of 1st period - Slapshot by Tyler Motte.
4:18 of 1st period - Stopped by Tristan Jarry with a rebound.
4:20 of 1st period - Wrist shot by Tyler Motte.
4:20 of 1st period - Stopped by Tristan Jarry without a rebound.
4:21 of 1st period - Anthony Cirelli wins face-off versus Evgeni Malkin in Pittsburgh Penguins zone.
5:20 of 1st period - Slapshot by Erik Karlsson.
5:20 of 1st period - Shot Misses the Net.
5:46 of 1st period - Snap shot by Brandon Hagel.
5:46 of 1st period - Stopped by Tristan Jarry without a rebound.
5:47 of 1st period - Jeff Carter wins face-off versus Brandon Hagel in Pittsburgh Penguins zone.
5:52 of 1st period - Wrist shot by Rickard Rakell.
5:52 of 1st period - Stopped by Jonas Johansson without a rebound.
5:53 of 1st period - Sidney Crosby wins face-off versus Brandon Hagel in Tampa Bay Lightning zone.
5:54 of 1st period - Snap shot by Timo Meier.
5:54 of 1st period - Stopped by Jonas Johansson with a rebound.
6:06 of 1st period - Slapshot by Steven Stamkos.
6:06 of 1st period - Shot Misses the Net.
6:16 of 1st period - Minor Penalty to Philippe Myers for High sticking.
6:17 of 1st period - Sidney Crosby wins face-off versus Nikita Kucherov in Tampa Bay Lightning zone.
6:26 of 1st period - Slapshot by Erik Karlsson.
6:26 of 1st period - Shot Blocked by Victor Hedman.
6:28 of 1st period - Snap shot by Timo Meier.
6:28 of 1st period - Shot Misses the Net.
6:52 of 1st period - Snap shot by Evgeni Malkin.
6:52 of 1st period - Shot Misses the Net.
6:54 of 1st period - Slapshot by Joona Koppanen.
6:54 of 1st period - Stopped by Jonas Johansson with a rebound.
8:14 of 1st period - Nikita Kucherov is hit by Kris Letang and loses puck.
8:16 of 1st period - Penalty to Philippe Myers is over, Philippe Myers is back on ice.
8:30 of 1st period - Snap shot by Chris Tierney.
8:30 of 1st period - Stopped by Jonas Johansson without a rebound.
8:31 of 1st period - Noel Acciari wins face-off versus Brayden Point in Tampa Bay Lightning zone.
8:32 of 1st period - Slapshot by Tyler Toffoli.
8:32 of 1st period - Goal by Tyler Toffoli - Tampa Bay Lightning : 0 - Pittsburgh Penguins : 1.
8:33 of 1st period - Brayden Point wins face-off versus Sidney Crosby in neutral zone.
8:36 of 1st period - Slapshot by Mikhail Sergachev.
8:36 of 1st period - Deflect By Brayden Point.
8:36 of 1st period - Shot Blocked by Erik Karlsson.
8:36 of 1st period - Puck is out of play.
8:37 of 1st period - Brayden Point wins face-off versus Sidney Crosby in Pittsburgh Penguins zone.
9:09 of 1st period - Slapshot by Evgeni Malkin.
9:09 of 1st period - Shot Blocked by Steven Stamkos.
9:27 of 1st period - Anthony Cirelli is hit by Rem Pitlick and loses puck.
9:54 of 1st period - Slapshot by Erik Karlsson.
9:54 of 1st period - Stopped by Jonas Johansson without a rebound.
9:55 of 1st period - Sidney Crosby wins face-off versus Steven Stamkos in Tampa Bay Lightning zone.
9:56 of 1st period - Snap shot by Timo Meier.
9:56 of 1st period - Stopped by Jonas Johansson without a rebound.
9:57 of 1st period - Steven Stamkos wins face-off versus Sidney Crosby in Tampa Bay Lightning zone.
10:10 of 1st period - Snap shot by Steven Stamkos.
10:10 of 1st period - Shot Misses the Net.
10:12 of 1st period - Wrist shot by Nikita Kucherov.
10:12 of 1st period - Shot Blocked by Timo Meier.
10:14 of 1st period - Wrist shot by Brandon Hagel.
10:14 of 1st period - Stopped by Tristan Jarry without a rebound.
10:15 of 1st period - Brayden Point wins face-off versus Evgeni Malkin in Pittsburgh Penguins zone.
10:15 of 1st period - Brayden Point is hit by Pierre-Olivier Joseph.
10:23 of 1st period - Snap shot by Brayden Point.
10:23 of 1st period - Shot Blocked by Tyler Toffoli.
10:25 of 1st period - Snap shot by Victor Hedman.
10:25 of 1st period - Shot Misses the Net.
10:27 of 1st period - Slapshot by Victor Hedman.
10:27 of 1st period - Stopped by Tristan Jarry without a rebound.
10:28 of 1st period - Sidney Crosby wins face-off versus Steven Stamkos in Pittsburgh Penguins zone.
10:39 of 1st period - Snap shot by Steven Stamkos.
10:39 of 1st period - Stopped by Tristan Jarry with a rebound.
10:59 of 1st period - Wrist shot by Evgeni Malkin.
10:59 of 1st period - Shot Misses the Net.
11:01 of 1st period - Snap shot by Marcus Pettersson.
11:01 of 1st period - Shot Blocked by Mikhail Sergachev.
11:03 of 1st period - Slapshot by Marcus Pettersson.
11:03 of 1st period - Deflect By Tyler Toffoli.
11:03 of 1st period - Shot Misses the Net.
11:03 of 1st period - Puck is out of play.
11:04 of 1st period - Joona Koppanen wins face-off versus Steven Stamkos in Tampa Bay Lightning zone.
11:07 of 1st period - Snap shot by Tyler Toffoli.
11:07 of 1st period - Stopped by Jonas Johansson without a rebound.
11:08 of 1st period - Evgeni Malkin wins face-off versus Steven Stamkos in Tampa Bay Lightning zone.
12:07 of 1st period - Snap shot by Nicholas Paul.
12:07 of 1st period - Stopped by Tristan Jarry without a rebound.
12:08 of 1st period - Brayden Point wins face-off versus Sidney Crosby in Pittsburgh Penguins zone.
12:15 of 1st period - Brayden Point is hit by Chad Ruhwedel and loses puck.
12:34 of 1st period - Anthony Cirelli is hit by Tyler Toffoli and loses puck.
13:24 of 1st period - Snap shot by Nikita Kucherov.
13:24 of 1st period - Stopped by Tristan Jarry without a rebound.
13:25 of 1st period - Brayden Point wins face-off versus Evgeni Malkin in Pittsburgh Penguins zone.
14:23 of 1st period - Timo Meier is hit by Brandon Hagel and loses puck.
14:50 of 1st period - Wrist shot by Timo Meier.
14:50 of 1st period - Shot Blocked by Mikhail Sergachev.
14:56 of 1st period - Timo Meier is hit by Victor Hedman and loses puck.
15:07 of 1st period - Marcus Pettersson is hit by Steven Stamkos and loses puck.
15:26 of 1st period - Snap shot by Tyler Toffoli.
15:26 of 1st period - Stopped by Jonas Johansson with a rebound.
15:28 of 1st period - Snap shot by Tyler Toffoli.
15:28 of 1st period - Stopped by Jonas Johansson with a rebound.
15:46 of 1st period - Jeff Carter is hit by Conor Sheary and loses puck.
17:37 of 1st period - Tyler Toffoli is hit by Anthony Cirelli and loses puck.
19:54 of 1st period - Calvin De-Haan is hit by Evgeni Malkin and loses puck.
Goals for this period are 0 for Tampa Bay Lightning vs 1 for Pittsburgh Penguins.
Shots for this period are 10 for Tampa Bay Lightning vs 13 for Pittsburgh Penguins.

2nd period


0:01 of 2nd period - Sidney Crosby wins face-off versus Tyler Motte in neutral zone.
0:32 of 2nd period - Wrist shot by Rem Pitlick.
0:32 of 2nd period - Stopped by Jonas Johansson with a rebound.
0:34 of 2nd period - Minor Penalty to Tanner Jeannot for Tripping.
0:35 of 2nd period - Sidney Crosby wins face-off versus Nikita Kucherov in Tampa Bay Lightning zone.
0:38 of 2nd period - Slapshot by Sidney Crosby.
0:38 of 2nd period - Stopped by Jonas Johansson with a rebound.
0:40 of 2nd period - Snap shot by Timo Meier.
0:40 of 2nd period - Shot Misses the Net.
0:42 of 2nd period - Slapshot by Erik Karlsson.
0:42 of 2nd period - Stopped by Jonas Johansson with a rebound.
2:00 of 2nd period - Icing by Erik Karlsson.
2:01 of 2nd period - Evgeni Malkin wins face-off versus Michael Eyssimont in Pittsburgh Penguins zone.
2:34 of 2nd period - Penalty to Tanner Jeannot is over, Tanner Jeannot is back on ice.
3:03 of 2nd period - Mikhail Sergachev is hit by Joona Koppanen and loses puck.
3:16 of 2nd period - Wrist shot by Timo Meier.
3:16 of 2nd period - Shot Blocked by Anthony Cirelli.
3:18 of 2nd period - Slapshot by Noel Acciari.
3:18 of 2nd period - Stopped by Jonas Johansson with a rebound.
3:20 of 2nd period - Slapshot by Chad Ruhwedel.
3:20 of 2nd period - Shot Blocked by Erik Cernak.
3:55 of 2nd period - Snap shot by Nikita Kucherov.
3:55 of 2nd period - Stopped by Tristan Jarry without a rebound.
3:56 of 2nd period - Sidney Crosby wins face-off versus Steven Stamkos in Pittsburgh Penguins zone.
4:18 of 2nd period - Wrist shot by Steven Stamkos.
4:18 of 2nd period - Goal by Steven Stamkos - Tampa Bay Lightning : 1 - Pittsburgh Penguins : 1.
4:19 of 2nd period - Steven Stamkos wins face-off versus Sidney Crosby in neutral zone.
4:28 of 2nd period - Wrist shot by Nikita Kucherov.
4:28 of 2nd period - Stopped by Tristan Jarry without a rebound.
4:29 of 2nd period - Steven Stamkos wins face-off versus Sidney Crosby in Pittsburgh Penguins zone.
4:56 of 2nd period - Snap shot by Timo Meier.
4:56 of 2nd period - Stopped by Jonas Johansson with a rebound.
4:58 of 2nd period - Wrist shot by Sidney Crosby.
4:58 of 2nd period - Goal by Sidney Crosby - Tampa Bay Lightning : 1 - Pittsburgh Penguins : 2.
4:59 of 2nd period - Steven Stamkos wins face-off versus Timo Meier in neutral zone.
5:15 of 2nd period - Snap shot by Sidney Crosby.
5:15 of 2nd period - Stopped by Jonas Johansson without a rebound.
5:16 of 2nd period - Evgeni Malkin wins face-off versus Brayden Point in Tampa Bay Lightning zone.
5:49 of 2nd period - Victor Hedman is hit by Matt Nieto and loses puck.
6:14 of 2nd period - Snap shot by Conor Sheary.
6:14 of 2nd period - Stopped by Tristan Jarry without a rebound.
6:15 of 2nd period - Jeff Carter wins face-off versus Brayden Point in Pittsburgh Penguins zone.
6:29 of 2nd period - Backhand shot by Nicholas Paul.
6:29 of 2nd period - Stopped by Tristan Jarry without a rebound.
6:30 of 2nd period - Steven Stamkos wins face-off versus Sidney Crosby in Pittsburgh Penguins zone.
7:11 of 2nd period - Wrist shot by Nikita Kucherov.
7:11 of 2nd period - Stopped by Tristan Jarry without a rebound.
7:12 of 2nd period - Sidney Crosby wins face-off versus Tanner Jeannot in Pittsburgh Penguins zone.
7:12 of 2nd period - Sidney Crosby is hit by Erik Cernak.
7:26 of 2nd period - Kris Letang is hit by Erik Cernak and loses puck.
7:39 of 2nd period - Erik Cernak is hit by Joona Koppanen and loses puck.
7:52 of 2nd period - Wrist shot by Evgeni Malkin.
7:52 of 2nd period - Shot Misses the Net.
8:19 of 2nd period - Wrist shot by Noel Acciari.
8:19 of 2nd period - Shot Blocked by Victor Hedman.
9:07 of 2nd period - Snap shot by Rickard Rakell.
9:07 of 2nd period - Shot Misses the Net.
9:43 of 2nd period - Slapshot by Conor Sheary.
9:43 of 2nd period - Stopped by Tristan Jarry without a rebound.
9:44 of 2nd period - Steven Stamkos wins face-off versus Evgeni Malkin in Pittsburgh Penguins zone.
10:11 of 2nd period - Brayden Point is hit by Rickard Rakell and loses puck.
10:36 of 2nd period - Snap shot by Conor Sheary.
10:36 of 2nd period - Shot Misses the Net.
12:23 of 2nd period - Slapshot by Erik Karlsson.
12:23 of 2nd period - Stopped by Jonas Johansson without a rebound.
12:24 of 2nd period - Jeff Carter wins face-off versus Steven Stamkos in Tampa Bay Lightning zone.
12:27 of 2nd period - Snap shot by Rickard Rakell.
12:27 of 2nd period - Deflect By Jeff Carter.
12:27 of 2nd period - Shot Blocked by Mikhail Sergachev.
12:27 of 2nd period - Puck is out of play.
12:28 of 2nd period - Steven Stamkos wins face-off versus Jeff Carter in Tampa Bay Lightning zone.
12:37 of 2nd period - Wrist shot by Nikita Kucherov.
12:37 of 2nd period - Shot Misses the Net.
13:05 of 2nd period - Snap shot by Sidney Crosby.
13:05 of 2nd period - Stopped by Jonas Johansson without a rebound.
13:06 of 2nd period - Steven Stamkos wins face-off versus Sidney Crosby in Tampa Bay Lightning zone.
13:21 of 2nd period - Wrist shot by Nikita Kucherov.
13:21 of 2nd period - Stopped by Tristan Jarry with a rebound.
13:23 of 2nd period - Snap shot by Steven Stamkos.
13:23 of 2nd period - Stopped by Tristan Jarry with a rebound.
14:00 of 2nd period - Snap shot by Rickard Rakell.
14:00 of 2nd period - Shot Blocked by Calvin De-Haan.
14:02 of 2nd period - Slapshot by Marcus Pettersson.
14:02 of 2nd period - Stopped by Jonas Johansson without a rebound.
14:03 of 2nd period - Steven Stamkos wins face-off versus Sidney Crosby in Tampa Bay Lightning zone.
14:40 of 2nd period - Snap shot by Evgeni Malkin.
14:40 of 2nd period - Stopped by Jonas Johansson with a rebound.
14:42 of 2nd period - Slapshot by Erik Karlsson.
14:42 of 2nd period - Shot Blocked by Mikhail Sergachev.
14:44 of 2nd period - Wrist shot by Tyler Toffoli.
14:44 of 2nd period - Shot Blocked by Tanner Jeannot.
14:46 of 2nd period - Slapshot by Kris Letang.
14:46 of 2nd period - Shot Misses the Net.
16:11 of 2nd period - Marcus Pettersson is hit by Erik Cernak and loses puck.
16:44 of 2nd period - Marcus Pettersson is hit by Philippe Myers and loses puck.
17:05 of 2nd period - Ryan Graves is hit by Tanner Jeannot.
17:29 of 2nd period - Nikita Kucherov is hit by Sidney Crosby and loses puck.
18:51 of 2nd period - Icing by Steven Stamkos.
18:52 of 2nd period - Noel Acciari wins face-off versus Steven Stamkos in Tampa Bay Lightning zone.
19:48 of 2nd period - Minor Penalty to Philippe Myers for Boarding.
19:49 of 2nd period - Steven Stamkos wins face-off versus Sidney Crosby in Tampa Bay Lightning zone.
19:54 of 2nd period - Off-side.
19:55 of 2nd period - Sidney Crosby wins face-off versus Steven Stamkos in neutral zone.
Goals for this period are 1 for Tampa Bay Lightning vs 1 for Pittsburgh Penguins.
Shots for this period are 9 for Tampa Bay Lightning vs 11 for Pittsburgh Penguins.

3rd period


0:01 of 3rd period - Steven Stamkos wins face-off versus Sidney Crosby in neutral zone.
0:04 of 3rd period - Sidney Crosby is hit by Nikita Kucherov and loses puck.
0:11 of 3rd period - Wrist shot by Steven Stamkos.
0:11 of 3rd period - Stopped by Tristan Jarry without a rebound.
0:12 of 3rd period - Matt Nieto wins face-off versus Steven Stamkos in Pittsburgh Penguins zone.
1:03 of 3rd period - Off-side.
1:04 of 3rd period - Brayden Point wins face-off versus Sidney Crosby in neutral zone.
1:48 of 3rd period - Penalty to Philippe Myers is over, Philippe Myers is back on ice.
1:55 of 3rd period - Erik Karlsson is hit by Philippe Myers and loses puck.
2:22 of 3rd period - Wrist shot by Brayden Point.
2:22 of 3rd period - Stopped by Tristan Jarry with a rebound.
2:40 of 3rd period - Snap shot by Timo Meier.
2:40 of 3rd period - Shot Misses the Net.
3:32 of 3rd period - Minor Penalty to Erik Cernak for Holding.
3:33 of 3rd period - Steven Stamkos wins face-off versus Sidney Crosby in Tampa Bay Lightning zone.
3:33 of 3rd period - Steven Stamkos is hit by Timo Meier.
3:43 of 3rd period - Wrist shot by Sidney Crosby.
3:43 of 3rd period - Stopped by Jonas Johansson with a rebound.
3:45 of 3rd period - Slapshot by Matt Nieto.
3:45 of 3rd period - Stopped by Jonas Johansson without a rebound.
3:46 of 3rd period - Sidney Crosby wins face-off versus Steven Stamkos in Tampa Bay Lightning zone.
3:53 of 3rd period - Wrist shot by Sidney Crosby.
3:53 of 3rd period - Shot Misses the Net.
5:32 of 3rd period - Penalty to Erik Cernak is over, Erik Cernak is back on ice.
5:38 of 3rd period - Erik Cernak is hit by Rem Pitlick and loses puck.
5:51 of 3rd period - Nicholas Paul is hit by Noel Acciari and loses puck.
6:13 of 3rd period - Rickard Rakell is hit by Conor Sheary and loses puck.
6:32 of 3rd period - Joona Koppanen is hit by Steven Stamkos.
6:48 of 3rd period - Minor Penalty to Philippe Myers for Holding.
6:49 of 3rd period - Matt Nieto wins face-off versus Steven Stamkos in Tampa Bay Lightning zone.
8:48 of 3rd period - Penalty to Philippe Myers is over, Philippe Myers is back on ice.
9:00 of 3rd period - Tanner Jeannot is hit by Tyler Toffoli and loses puck.
9:13 of 3rd period - Rem Pitlick is hit by Conor Sheary and loses puck.
9:43 of 3rd period - Erik Cernak is hit by Joona Koppanen and loses puck.
12:43 of 3rd period - Calvin De-Haan is hit by Kris Letang and loses puck.
13:50 of 3rd period - Brayden Point is hit by Timo Meier and loses puck.
15:37 of 3rd period - Nick Perbix is hit by Evgeni Malkin and loses puck.
15:44 of 3rd period - Michael Eyssimont is hit by Tyler Toffoli and loses puck.
18:08 of 3rd period - Slapshot by Rickard Rakell.
18:08 of 3rd period - Stopped by Jonas Johansson without a rebound.
18:09 of 3rd period - Evgeni Malkin wins face-off versus Brayden Point in Tampa Bay Lightning zone.
18:54 of 3rd period - Snap shot by Timo Meier.
18:54 of 3rd period - Shot Misses the Net.
19:00 of 3rd period - Tampa Bay Lightning, Jonas Johansson is pulled from the net.
19:15 of 3rd period - Wrist shot by Steven Stamkos.
19:15 of 3rd period - Deflect By Brandon Hagel.
19:15 of 3rd period - Goal by Brandon Hagel - Tampa Bay Lightning : 2 - Pittsburgh Penguins : 2.
19:15 of 3rd period - Jonas Johansson from Tampa Bay Lightning was sent back in the game.
19:16 of 3rd period - Steven Stamkos wins face-off versus Matt Nieto in neutral zone.
19:59 of 3rd period - Snap shot by Rickard Rakell.
19:59 of 3rd period - Stopped by Jonas Johansson with a rebound.
Goals for this period are 1 for Tampa Bay Lightning vs 0 for Pittsburgh Penguins.
Shots for this period are 3 for Tampa Bay Lightning vs 4 for Pittsburgh Penguins.

Overtime #1


0:01 of 1st overtime period - Sidney Crosby wins face-off versus Steven Stamkos in neutral zone.
0:16 of 1st overtime period - Snap shot by Brayden Point.
0:16 of 1st overtime period - Shot Misses the Net.
0:32 of 1st overtime period - Wrist shot by Timo Meier.
0:32 of 1st overtime period - Stopped by Jonas Johansson without a rebound.
0:33 of 1st overtime period - Steven Stamkos wins face-off versus Sidney Crosby in Tampa Bay Lightning zone.
0:48 of 1st overtime period - Snap shot by Steven Stamkos.
0:48 of 1st overtime period - Deflect By Nikita Kucherov.
0:48 of 1st overtime period - Shot Misses the Net.
0:48 of 1st overtime period - Puck is out of play.
0:49 of 1st overtime period - Sidney Crosby wins face-off versus Steven Stamkos in Pittsburgh Penguins zone.
0:58 of 1st overtime period - Snap shot by Sidney Crosby.
0:58 of 1st overtime period - Stopped by Jonas Johansson without a rebound.
0:59 of 1st overtime period - Steven Stamkos wins face-off versus Sidney Crosby in Tampa Bay Lightning zone.
1:25 of 1st overtime period - Snap shot by Sidney Crosby.
1:25 of 1st overtime period - Shot Misses the Net.
1:27 of 1st overtime period - Backhand shot by Erik Karlsson.
1:27 of 1st overtime period - Shot Misses the Net.
1:29 of 1st overtime period - Snap shot by Erik Karlsson.
1:29 of 1st overtime period - Shot Blocked by Nikita Kucherov.
1:35 of 1st overtime period - Wrist shot by Sidney Crosby.
1:35 of 1st overtime period - Stopped by Jonas Johansson with a rebound.
1:43 of 1st overtime period - Wrist shot by Sidney Crosby.
1:43 of 1st overtime period - Deflect By Evgeni Malkin.
1:43 of 1st overtime period - Shot Blocked by Steven Stamkos.
1:43 of 1st overtime period - Puck is out of play.
1:44 of 1st overtime period - Brayden Point wins face-off versus Rickard Rakell in Tampa Bay Lightning zone.
1:53 of 1st overtime period - Wrist shot by Brandon Hagel.
1:53 of 1st overtime period - Deflect By Kris Letang.
1:53 of 1st overtime period - Stopped by Tristan Jarry without a rebound.
1:54 of 1st overtime period - Brayden Point wins face-off versus Rickard Rakell in Pittsburgh Penguins zone.
1:55 of 1st overtime period - Wrist shot by Brandon Hagel.
1:55 of 1st overtime period - Shot Misses the Net.
1:57 of 1st overtime period - Backhand shot by Brayden Point.
1:57 of 1st overtime period - Deflect By Brandon Hagel.
1:57 of 1st overtime period - Shot Misses the Net.
1:57 of 1st overtime period - Puck is out of play.
1:58 of 1st overtime period - Steven Stamkos wins face-off versus Sidney Crosby in Pittsburgh Penguins zone.
2:03 of 1st overtime period - Snap shot by Nikita Kucherov.
2:03 of 1st overtime period - Stopped by Tristan Jarry without a rebound.
2:04 of 1st overtime period - Steven Stamkos wins face-off versus Sidney Crosby in Pittsburgh Penguins zone.
2:15 of 1st overtime period - Wrist shot by Nikita Kucherov.
2:15 of 1st overtime period - Shot Blocked by Erik Karlsson.
2:17 of 1st overtime period - Snap shot by Nikita Kucherov.
2:17 of 1st overtime period - Shot Misses the Net.
2:19 of 1st overtime period - Wrist shot by Nikita Kucherov.
2:19 of 1st overtime period - Shot Misses the Net.
2:21 of 1st overtime period - Slapshot by Mikhail Sergachev.
2:21 of 1st overtime period - Deflect By Nikita Kucherov.
2:21 of 1st overtime period - Shot Misses the Net.
2:21 of 1st overtime period - Puck is out of play.
2:22 of 1st overtime period - Sidney Crosby wins face-off versus Steven Stamkos in Pittsburgh Penguins zone.
2:58 of 1st overtime period - Icing by Erik Karlsson.
2:59 of 1st overtime period - Steven Stamkos wins face-off versus Rickard Rakell in Pittsburgh Penguins zone.
3:50 of 1st overtime period - Wrist shot by Steven Stamkos.
3:50 of 1st overtime period - Deflect By Kris Letang.
3:50 of 1st overtime period - Stopped by Tristan Jarry with a rebound.
4:12 of 1st overtime period - Wrist shot by Conor Sheary.
4:12 of 1st overtime period - Shot Blocked by Kris Letang.
Goals for this period are 0 for Tampa Bay Lightning vs 0 for Pittsburgh Penguins.
Shots for this period are 3 for Tampa Bay Lightning vs 3 for Pittsburgh Penguins.

ShootOut


5:00 of 1st overtime period - Round #1.
5:00 of 1st overtime period - Tampa Bay Lightning, Steven Stamkos.
5:00 of 1st overtime period - Backhand shot by Steven Stamkos.
5:00 of 1st overtime period - Goal by Steven Stamkos.
5:00 of 1st overtime period - Pittsburgh Penguins, Sidney Crosby.
5:00 of 1st overtime period - Deke by Sidney Crosby.
5:00 of 1st overtime period - Goal by Sidney Crosby.
5:00 of 1st overtime period - Round #2.
5:00 of 1st overtime period - Tampa Bay Lightning, Nikita Kucherov.
5:00 of 1st overtime period - Deke by Nikita Kucherov.
5:00 of 1st overtime period - Shot Misses the Net.
5:00 of 1st overtime period - Pittsburgh Penguins, Evgeni Malkin.
5:00 of 1st overtime period - Wrist shot by Evgeni Malkin.
5:00 of 1st overtime period - Goal by Evgeni Malkin.
5:00 of 1st overtime period - Round #3.
5:00 of 1st overtime period - Tampa Bay Lightning, Brayden Point.
5:00 of 1st overtime period - Wrist shot by Brayden Point.
5:00 of 1st overtime period - Shot Misses the Net.